 Dungeon Crawl Stone Soup version 0.16-a0-2844-g9b01c91 (webtiles) character file.

731 Medar the Carver (level 7, -2/58 HPs)
             Began as a Deep Dwarf Warper on Nov 28, 2014.
             Was a Believer of Makhleb.
             Slain by a goliath beetle (22 damage)
             ... on level 5 of the Dungeon on Nov 29, 2014.
             The game lasted 00:19:57 (3085 turns).

Medar the Carver (Deep Dwarf Warper)                Turns: 3085, Time: 00:19:58

Health: -2/58      AC:  7    Str: 15    XL:     7   Next: 45%
Magic:  7/7        EV: 13    Int: 18    God:    Makhleb [**....]
Gold:   267        SH:  0    Dex: 12    Spells: 3 memorised, 4 levels left

rFire  + . .     SeeInvis .     a - +0 falchion
rCold  . . .     Clarity  .     b - +0 leather armour
rNeg   . . .     SustAb   .     (no shield)
rPois  .         Gourm    .     n - +2 helmet {Int+3}
rElec  .         Spirit   .     (no cloak)
rCorr  .         Warding  .     l - +0 pair of gloves
rMut   .         Stasis   .     (no boots)
MR     +....                    k - amulet of faith
Stlth  +.........               t - ring of protection from fire
                                p - +2 ring of evasion

@: non-regenerating, somewhat resistant to hostile enchantments, very unstealthy
A: damage resistance, recharge devices, sense surroundings 1, slow healing 3
a: Device Recharging, Minor Destruction, Renounce Religion


You were on level 5 of the Dungeon.
You worshipped Makhleb.
Makhleb was pleased with you.
You were not hungry.

You visited 1 branch of the dungeon, and saw 5 of its levels.

You collected 267 gold pieces.

Inventory:

Hand weapons
 a - a +0 falchion (weapon)
Missiles
 e - 3 tomahawks of dispersal (quivered)
 m - 12 tomahawks
Armour
 b - a +0 leather armour (worn)
 l - a +0 pair of gloves (worn)
 n - a +2 helmet of intelligence (worn)
 r - a +0 ring mail
 x - a +0 shield
 y - a +2 chain mail of cold resistance
Jewellery
 k - an amulet of faith (around neck)
 p - a +2 ring of evasion (left hand)
 t - a ring of protection from fire (right hand)
 A - an uncursed ring of fire
Magical devices
 f - a wand of heal wounds (1)
Scrolls
 d - a scroll of blinking
 q - a scroll of amnesia {unknown}
 B - a scroll of identify {@r2}
Potions
 h - a potion of resistance
 o - a potion of mutation {!q}
 s - a potion of curing {@q1}
 u - 2 potions of brilliance
 w - a potion of might {unknown}
 z - 3 potions of restore abilities
Books
 c - a book of Spatial Translocations

   Spells                             Type                      Level
   a - Apportation                    Translocation                1
   b - Blink                          Translocation                2
   c - Shroud of Golubria             Charms/Translocation         2
   d - Portal Projectile              Translocation                3
   e - Teleport Other                 Translocation                3
   f - Passage of Golubria            Translocation                4
Comestibles
 g - 3 bread rations
 i - 3 chunks of flesh
 j - 2 beef jerkies
 v - a slice of pizza


   Skills:
 - Level 1.7 Fighting
 + Level 8.5 Long Blades
 - Level 0.8 Throwing
 - Level 1.1 Armour
 - Level 2.1 Dodging
 - Level 1.7 Spellcasting
 - Level 3.2 Translocations


You had 4 spell levels left.
You knew the following spells:

 Your Spells              Type           Power        Failure   Level  Hunger
p - Apportation           Tloc           ##........   6%          1    #......
r - Shroud of Golubria    Chrm/Tloc      #.........   14%         2    ###....
w - Blink                 Tloc           N/A          10%         2    ###....


Dungeon Overview and Level Annotations

Branches:
Dungeon (5/15)
 Temple: D:4-7

Altars:
Makhleb
Qazlal
Ru
The Shining One

Annotations:
D:3 asdu's ghost, weakling DsBe
D:5 runed door


Innate Abilities, Weirdness & Mutations

You are resistant to damage.
You can recharge devices by infusing magical energy.
You passively map a small area around you.
You do not heal naturally.


Message History

You feel better. The scorpion barely misses you.
You hit the scorpion.
The scorpion is almost dead.
The scorpion closely misses you.
You completely miss the scorpion.
The scorpion is almost dead.
You hit the scorpion but do no damage.
The scorpion is almost dead.
The scorpion stings you but does no damage.
You hit the scorpion.
You kill the scorpion!
Makhleb accepts your kill.
You hit the goliath beetle.
The goliath beetle is lightly wounded.
You barely miss the goliath beetle.
The goliath beetle is lightly wounded.
You hit the goliath beetle but do no damage.
The goliath beetle is lightly wounded.
The goliath beetle bites you!!
You die...

, .....## #..#....#######....#.
##.....## #..#....# #....##
.##.......###..#....'ysssa+....#
#............<##....#s.a.B#....#.
.##.......#.####....#######....#.
.# #.<...##.# #...............#.
.####...###.# #...........)...#
........###.###########'#########
###.###.#.......@B......# #.#..
#.# #.........###.##### * #.#.#
#.# ###.#.........# *,#.#.# #.#
#.########### # #.#.# #.# #.#
#.#.#.. #.# #.# #.#.### #.# #.#*
* ##...... ... ... #.....## * ..#
#.###.##


You could see a goliath beetle.

Vanquished Creatures
  2 ice beasts (D:5)
  A phantom (D:4)
  A gnoll sergeant (D:4)
  2 scorpions
  2 hounds
  An orc priest (D:5)
  A worker ant (D:5)
  An orc wizard (D:5)
  6 gnolls
  A shadow imp (D:5)
  A giant mite (D:5)
  A worm (D:3)
  3 giant geckos
  8 orcs
  2 ball pythons (D:3)
  4 bats
  5 giant cockroaches
  7 goblins
  5 hobgoblins
  3 jackals (D:5)
  2 quokkas
  A ball python zombie (D:5)
  4 kobolds
  5 rats
  A plant (D:4)
70 creatures vanquished.

Notes
Turn   | Place    | Note
--------------------------------------------------------------
     0 | D:1      | Medar, the Deep Dwarf Warper, began the quest for the Orb.
     0 | D:1      | Reached XP level 1. HP: 19/19 MP: 2/2
   344 | D:1      | Reached XP level 2. HP: 20/26 MP: 3/3
   348 | D:1      | Learned a level 2 spell: Blink
   544 | D:2      | Upgraded the game from 0.16-a0-2822-gb1d3efb to 0.16-a0-2844-g9b01c91
   844 | D:3      | Found a glowing golden altar of the Shining One.
   877 | D:3      | Noticed asdu's ghost (weakling DsBe)
  1006 | D:3      | Reached XP level 3. HP: 32/32 MP: 5/5
  1233 | D:4      | Noticed a scorpion
  1576 | D:4      | Found a stormy altar of Qazlal.
  1580 | D:4      | Noticed a scorpion
  1770 | D:4      | Noticed a gnoll sergeant
  1844 | D:3      | Reached skill level 4 in Long Blades
  1933 | D:2      | Learned a level 2 spell: Shroud of Golubria
  2056 | D:4      | Killed a scorpion
  2056 | D:4      | Reached XP level 4. HP: 19/39 MP: 6/6
  2106 | D:5      | Entered Level 5 of the Dungeon
  2135 | D:5      | Found a burning altar of Makhleb.
  2145 | D:5      | Reached skill level 5 in Long Blades
  2152 | D:5      | Became a worshipper of Makhleb the Destroyer
  2208 | D:5      | Reached XP level 5. HP: 11/45 MP: 7/7
  2309 | D:5      | Reached skill level 6 in Long Blades
  2470 | D:4      | Found a sacrificial altar of Ru.
  2538 | D:4      | Acquired Makhleb's first power
  2587 | D:4      | Reached XP level 6. HP: 19/52 MP: 6/8
  2646 | D:4      | Killed a gnoll sergeant
  2714 | D:4      | Noticed a phantom
  2760 | D:4      | Reached skill level 7 in Long Blades
  2789 | D:4      | Killed a phantom
  2913 | D:5      | Noticed an ice beast
  2913 | D:5      | Noticed an ice beast
  2937 | D:5      | Killed an ice beast
  2937 | D:5      | Reached XP level 7. HP: 31/58 MP: 7/7
  2971 | D:5      | Killed an ice beast
  2971 | D:5      | Acquired Makhleb's second power
  2971 | D:5      | Reached skill level 8 in Long Blades
  2993 | D:5      | Found a runed door.
  3012 | D:5      | Found a runed door.
  3016 | D:5      | Noticed a soldier ant
  3085 | D:5      | Slain by a goliath beetle

Action                   |  1- 3 |  4- 6 |  7- 9 || total
-------------------------+-------+-------+-------++-------
Melee: Falchion          |   176 |   261 |    67 ||   504
Throw: Tomahawk          |     2 |       |       ||     2
 Cast: Blink             |     5 |     1 |       ||     6
       Shroud of Golubri |       |     8 |       ||     8
 Abil: Device Recharging |       |     3 |       ||     3
Evoke: Wand              |     4 |     7 |     2 ||    13
  Use: Scroll            |     8 |     2 |       ||    10
       Potion            |     1 |       |     1 ||     2
  Eat: Chunk             |     2 |     1 |     1 ||     4
       Meat ration       |     1 |       |       ||     1
